 Dungeon Crawl Stone Soup version 0.21-a0-513-gdcb3f5e (webtiles) character file.

91 slep the Chopper (level 4, -8/38 HPs)
             Began as a Minotaur Gladiator on Dec 3, 2017.
             Killed by divine providence
             ... invoked by an orc priest
              (12 damage)
             ... on level 3 of the Dungeon.
             The game lasted 00:03:06 (919 turns).

slep the Chopper (Minotaur Gladiator)                Turns: 919, Time: 00:03:07

Health: -8/38      AC:  7    Str: 18    XL:     4   Next: 33%
Magic:  3/3        EV: 11    Int:  5    God:
Gold:   77         SH:  0    Dex: 13    Spells: 3/3 levels left

rFire    . . .     SeeInvis .   a - +0 war axe
rCold    . . .     Gourm    .   (no shield)
rNeg     . . .     Faith    .   h - +0 scale mail
rPois    .         Spirit   .   c - +0 hat
rElec    .         Reflect  .   p - +0 cloak
rCorr    .         Harm     .   (no gloves)
MR       .....                  (no boots)
Stlth    ..........             (no amulet)
HPRegen  0.12/turn              (no ring)
MPRegen  0.08/turn              (no ring)

@: no status effects
A: retaliatory headbutt, horns 2
a: no special abilities


You were on level 3 of the Dungeon.
You were not hungry.

You visited 1 branch of the dungeon, and saw 3 of its levels.

You collected 77 gold pieces.

Inventory:

Hand Weapons
 a - a +0 war axe (weapon)
Missiles
 d - 3 throwing nets (quivered)
Armour
 b - a +0 leather armour
 c - a +0 hat (worn)
 h - a +0 scale mail (worn)
 p - a +0 cloak (worn)
Scrolls
 e - 4 scrolls of identify {unknown}
 j - 2 scrolls of amnesia {unknown}
 k - 3 scrolls of remove curse {unknown}
 n - a scroll of magic mapping {unknown}
Potions
 g - a potion of curing {unknown}
 i - a potion of brilliance {unknown}
 l - a potion of agility {unknown}
 m - a potion of lignification {unknown}
 o - 2 potions of mutation {unknown}
Comestibles
 f - a bread ration


   Skills:
 + Level 3.0 Fighting
 + Level 5.0 Axes
 + Level 2.0 Throwing
 + Level 1.9 Armour
 + Level 3.9 Dodging


You had 3 spell levels left.
You didn't know any spells.

Dungeon Overview and Level Annotations

Branches:
Dungeon (3/15)

Altars:
Vehumet


Innate Abilities, Weirdness & Mutations

You reflexively headbutt those who attack you in melee.
You have a pair of horns on your head.


Message History

The orc priest hits you but does no damage.
You closely miss the orc priest. Your headbutt misses the orc priest.
The orc priest is heavily wounded.
You barely miss the orc. The orc hits you with a whip.
* * * LOW HITPOINT WARNING * * *
The orc priest hits you but does no damage.
You hit the orc priest.
The orc priest is almost dead.
You hit the orc but do no damage. You closely miss the orc.
The orc hits you but does no damage. The orc hits you with a whip.
* * * LOW HITPOINT WARNING * * *
The orc priest casts a cantrip, but nothing happens.
The orc hits you but does no damage. The orc closely misses you.
You furiously retaliate!
You headbutt the orc, but do no damage. You closely miss the orc priest.
The orc priest is almost dead.
You closely miss the orc. You hit the orc but do no damage.
The orc priest calls down the wrath of Beogh upon you.
Beogh smites you!
You die...

#..#.# #..#.#.#
#..#.#.#
#....#.# #.<#.#
#..#.# ##.#.#
..#.##.#o######
.......o@o......
##.#.##?..#####.
.. .......
###.###...## #
#...# #.>.+
#...# .....


You could see an orc priest and 2 orcs.

Vanquished Creatures
  Crazy Yiuf (D:2)
  2 adders (D:2)
  2 dart slugs (D:1)
  2 leopard geckos (D:1)
  An orc (D:3)
  4 bats
  5 goblins
  3 hobgoblins
  5 kobolds
  A ball python (D:1)
  4 frilled lizards
  6 rats
36 creatures vanquished.

Notes
Turn   | Place    | Note
-------+----------+-------------------------------------------
     0 | D:1      | slep the Minotaur Gladiator began the quest for the Orb.
     0 | D:1      | Reached XP level 1. HP: 18/18 MP: 0/0
    71 | D:1      | Reached skill level 4 in Axes
    73 | D:1      | Reached XP level 2. HP: 14/25 MP: 1/1
   325 | D:1      | Reached XP level 3. HP: 27/30 MP: 2/2
   496 | D:2      | Found a radiant altar of Vehumet.
   521 | D:2      | Reached skill level 1 in Armour
   570 | D:2      | Found a faded altar of an unknown god.
   748 | D:2      | Found a runed door.
   867 | D:2      | Noticed Crazy Yiuf
   872 | D:2      | Killed Crazy Yiuf
   872 | D:2      | Reached skill level 5 in Axes
   872 | D:2      | Reached XP level 4. HP: 32/38 MP: 3/3
   919 | D:3      | Killed from afar by an orc priest

Vault maps used:
D:1:      minmay_arrival_widening_spiral_wide
D:2:      lemuel_round_altar, chequers_ecumenical_altar_grove,
          uniq_crazy_yiuf_cottage

Skill      XL: |  1  2  3 |
---------------+----------+-----
Axes           | 4 5 |  5.0
Armour         | 1 |  1.9
Fighting       | 3 |  3.0
Throwing       | |  2.0
Dodging        | |  3.9

Action                   |  1- 3 |  4- 6 || total
-------------------------+-------+-------++-------
Melee: War axe           |    59 |    10 ||    69
       Headbutt          |     9 |       ||     9
Armor: Leather armour    |     9 |       ||     9
       Scale mail        |    16 |     4 ||    20
Dodge: Dodged            |    40 |     6 ||    46

Table legend:
 A = Spawn XP
 B = Non-spawn XP
 C = Spawn XP percentage of total XP
 D = Spawn monster count
 E = Non-spawn monster count
 F = Spawn count percentage of total count
 G = Total turns spent on level
                    A         B        C        D         E        F      G
               +---------+---------+-------+---------+---------+-------+---------
         Total |       0 |     130 |   0.0 |       0 |      36 |   0.0 |   919
               +---------+---------+-------+---------+---------+-------+---------
           D:1 |       0 |      42 |   0.0 |       0 |      22 |   0.0 |   465
           D:2 |       0 |      85 |   0.0 |       0 |      13 |   0.0 |   440
           D:3 |       0 |       3 |   0.0 |       0 |       1 |   0.0 |    14
               +---------+---------+-------+---------+---------+-------+---------
